Map: Blackpink LE

Players

GranShAKA

  • Race: Zerg Zerg
  • League: Diamond
  • Spawn Location: 1:00

WowSuchAPM - Winner!

  • Race: Protoss Protoss
  • League: Diamond
  • Spawn Location: 7:00

VOD

Have the link to the VOD?

Description

Nexus zealot rush

Time

  • Played on: April 8, 2018, 4:50 p.m.
  • Length: 3:49
Show
View Real Time Build Order
Export as new Build Order

GranShAKA Zerg 

Build Orders: Pool First 

Get SALT Encoding   

  12  0:01  Drone  
  13  0:08  Drone  
  14  0:17  Overlord  
  14  0:24  Extractor  
  14  0:25  Drone  
  14  0:26  Extractor  
  13  0:30  Drone  
  16  0:36  Drone  
  17  0:49  Spawning Pool  
  16  0:51  Drone  
  16  0:54  Extractor  
  16  0:57  Drone  
  17  1:08  Drone  
  18  1:18  Drone  
  19  1:29  Overlord  
  19  1:31  Hatchery  
  18  1:40  Queen  
  18  1:45  Zergling x2  
  21  1:49  Zergling x2  
  21  1:54  Metabolic Boost  
  22  2:02  Zergling x2  
  23  2:14  Zergling x2  
  24  2:16  Queen  
  26  2:33  Drone  
  26  2:35  Spine Crawler, Drone  
  27  2:43  Overlord  
  26  2:54  Spine Crawler x2  
  24  3:00  Zergling x8  
  26  3:24  Spine Crawler x2  
Show
View Real Time Build Order
Export as new Build Order

WowSuchAPM Protoss - Winner!

Build Orders: 1 Gate Expand 

Get SALT Encoding   

  12  0:00  Probe  
  13  0:13  Probe  
  14  0:18  Pylon  
  14  0:25  Probe  
  15  0:37  Gateway  
  15  0:45  Gateway  
  15  1:20  Nexus  
  17  1:30  Zealot (Chrono Boost)  
  17  1:31  Zealot (Chrono Boost)  
  19  1:49  Zealot (Chrono Boost)  
  19  1:51  Zealot (Chrono Boost)  
  19  1:52  Pylon  
  23  2:14  Zealot (Chrono Boost)  
  27  2:15  Zealot (Chrono Boost)  
  27  2:33  Zealot  
  27  2:35  Zealot  
  31  3:01  Zealot  
Tags
 
Add a new tag
Caveats
  • Supply blocks, unpowered buildings, or Contaminate may cause inaccurate times.
  • Supply counts are checked every 10 seconds.